[Event "ESP-ch Rapid 2018"]
[Site "Linares"]
[Date "2018.08.19"]
[Round "7"]
[White "Blanco Acevedo, Cristobal Jose"]
[Black "Santos Latasa, Jaime"]
[Result "0-1"]
[ECO "A36"]
[WhiteElo "2336"]
[BlackElo "2582"]
[Annotator "ChessBase"]
[PlyCount "102"]
[EventDate "2018.08.19"]
[EventType "team-tourn"]
[EventCountry "ESP"]
[SourceTitle "playchess.com"]
[Source "ChessBase"]
[SourceQuality "1"]
[TimeControl "900+5"]

1. g3 c5 2. Bg2 Nc6 3. c4 g6 4. Nc3 Bg7 5. e4 d6 6. h3 Nf6 7. Nge2 O-O 8. O-O a6 9. d3 Rb8 10. a4 Nd7 11. Be3 Nd4 12. f4 e6 13. g4 b6 14. Rb1 Bb7 15. b4 f5 16. b5 axb5 17. Nxb5 Nxb5 18. cxb5 d5 19. e5 d4 20. Bd2 Bxg2 21. Kxg2 Qc7 22. g5 h6 23. h4 Qb7+ 24. Kf2 hxg5 25. hxg5 Kf7 26. Rh1 Rh8 27. Ng3 Bxe5 28. fxe5 Nxe5 29. Qe2 Ng4+ 30. Kg1 Rxh1+ 31. Nxh1 Rh8 32. Qg2 Qxg2+ 33. Kxg2 Rh2+ 34. Kg1 Rxd2 35. a5 Ke7 36. axb6 Kd6 37. Ra1 Rb2 38. Ra6 Rxb5 39. b7+ Kd5 40. Ra7 Ne5 41. Nf2 Nc6 42. b8=Q Rxb8 43. Rd7+ Ke5 44. Kg2 Rb3 45. Rg7 Nb4 46. Rxg6 Nxd3 47. Nxd3+ Rxd3 48. Rg8 c4 49. Kf2 c3 50. Rc8 Kf4 51. g6 Rg3 0-1

[Event "ESP-ch Rapid 2018"]
[Site "Linares"]
[Date "2018.08.19"]
[Round "7"]
[White "Galiana Fernandez, Adrian"]
[Black "Gavilan Diaz, Mario"]
[Result "0-1"]
[ECO "A05"]
[WhiteElo "2291"]
[BlackElo "2334"]
[Annotator "NA"]
[PlyCount "52"]
[EventDate "2018.08.19"]
[EventType "team-tourn"]
[EventCountry "ESP"]
[SourceTitle "playchess.com"]
[Source "ChessBase"]
[SourceQuality "1"]
[TimeControl "900+5"]

1. Nf3 Nf6 2. b3 g6 3. Bb2 Bg7 4. g3 O-O 5. Bg2 d6 6. d4 e5 7. dxe5 Ng4 8. Nbd2 Nc6 9. O-O Ngxe5 10. Qc1 Re8 11. e3 a5 12. a4 Bg4 13. h3 Bd7 14. Nxe5 Nxe5 15. Kh2 Bc6 16. e4 Nd7 17. f4 f5 18. Bxg7 Kxg7 19. exf5 Re2 20. Nf3 gxf5 21. Qd1 Qe7 22. Qd4+ Qf6 23. Qc4 Rae8 24. Kg1 R8e4 25. Qd3 R4e3 26. Qc4 Nb6 0-1

[Event "ESP-ch Rapid 2018"]
[Site "Linares"]
[Date "2018.08.19"]
[Round "7"]
[White "Martin Rueda, Daniel"]
[Black "Salgado Lopez, Ivan"]
[Result "0-1"]
[ECO "A45"]
[WhiteElo "2267"]
[BlackElo "2643"]
[Annotator "ChessBase"]
[PlyCount "85"]
[EventDate "2018.08.19"]
[EventType "team-tourn"]
[EventCountry "ESP"]
[SourceTitle "playchess.com"]
[Source "ChessBase"]
[SourceQuality "1"]
[TimeControl "900+5"]

1. d4 Nf6 2. Bg5 c5 3. d5 h6 4. Bxf6 exf6 5. c3 d6 6. e3 g6 7. g3 Bg7 8. Bg2 O-O 9. a4 f5 10. Ne2 Nd7 11. Na3 Ne5 12. O-O h5 13. h4 Re8 14. Nf4 Bd7 15. Qb3 Qb6 16. Qc2 Qa6 17. b3 Rac8 18. c4 Ng4 19. Ra2 Qa5 20. Nd3 a6 21. Rb1 Qd8 22. b4 b6 23. a5 bxa5 24. bxa5 Rb8 25. Rxb8 Qxb8 26. Nb1 Qc7 27. Nd2 Rb8 28. Ra3 Rb7 29. Rb3 Rxb3 30. Nxb3 Ba4 31. Qa2 Bxb3 32. Qxb3 Qxa5 33. Qb8+ Bf8 34. Bf1 Qa2 35. Qb2 Qa4 36. Nf4 a5 37. Kg2 Qb4 38. Nd3 Qxc4 39. Nf4 Qb4 40. Qc2 a4 41. Bd3 Qe1 42. Bc4 Qxe3 43. Kf1 0-1

[Event "ESP-ch Rapid 2018"]
[Site "Linares"]
[Date "2018.08.19"]
[Round "7"]
[White "Silva Rodriguez, Fernando"]
[Black "Ladron De Guevara Pinto, Paolo"]
[Result "0-1"]
[ECO "D45"]
[WhiteElo "2239"]
[BlackElo "2424"]
[Annotator "NA RC"]
[PlyCount "84"]
[EventDate "2018.08.19"]
[EventType "team-tourn"]
[EventCountry "ESP"]
[SourceTitle "playchess.com"]
[Source "ChessBase"]
[SourceQuality "1"]
[TimeControl "900+5"]

1. d4 d5 2. c4 e6 3. Nf3 Nf6 4. Nc3 c6 5. e3 Nbd7 6. Qc2 Bd6 7. Be2 O-O 8. O-O b6 9. e4 dxe4 10. Nxe4 Nxe4 11. Qxe4 Bb7 12. Bf4 Nf6 13. Qe3 c5 14. Bxd6 Qxd6 15. dxc5 bxc5 16. Ne5 Ne4 17. Nd3 f5 18. Bf3 Rac8 19. Rfd1 Rfd8 20. Rac1 Qc7 21. a3 h6 22. b4 cxb4 23. axb4 Qb6 24. h3 Rd4 25. Nc5 Rxd1+ 26. Rxd1 Qxb4 27. Nxe4 fxe4 28. Bxe4 Qa4 29. Rd4 Bxe4 30. Rxe4 Rxc4 31. Rxe6 Rc8 32. Re7 Qd1+ 33. Kh2 Qd6+ 34. g3 a5 35. Ra7 Qc5 36. Qe6+ Kh8 37. Qf7 Qe5 38. Re7 Qd4 39. Rd7 Qe5 40. Re7 Qc3 41. Re3 Qb2 42. Qd7 Qxf2+ 0-1

[Event "ESP-ch Rapid 2018"]
[Site "Linares"]
[Date "2018.08.19"]
[Round "7"]
[White "Sande Edreira, Jose Antonio"]
[Black "Salvador Lopez, Daniel"]
[Result "1-0"]
[ECO "A15"]
[WhiteElo "2230"]
[BlackElo "2162"]
[Annotator "NA"]
[PlyCount "78"]
[EventDate "2018.08.19"]
[EventType "team-tourn"]
[EventCountry "ESP"]
[SourceTitle "playchess.com"]
[Source "ChessBase"]
[SourceQuality "1"]
[TimeControl "900+5"]

1. c4 Nf6 2. g3 e6 3. Nf3 d5 4. b3 Be7 5. Bg2 O-O 6. O-O a5 7. Nc3 c6 8. e3 Na6 9. Bb2 Nc5 10. d4 Nce4 11. Nd2 Nxc3 12. Bxc3 c5 13. Qc2 b6 14. Rfd1 Bb7 15. dxc5 Bxc5 16. Qb2 Be7 17. cxd5 Bxd5 18. Nc4 Qc7 19. Bxd5 exd5 20. Nd2 Ba3 21. Qxa3 Qxc3 22. Rac1 Qe5 23. Rc6 b5 24. Qc5 Qh5 25. Rc1 Qe2 26. Qc2 Rfe8 27. Qd1 Qd3 28. Nf3 Qe4 29. R1c5 Rab8 30. Rc7 h6 31. Nd4 a4 32. b4 Ng4 33. Qf3 Qb1+ 34. Rc1 Qg6 35. Qxd5 Ne5 36. Nc6 Nd3 37. Rd1 Nb2 38. Rd4 Qb1+ 39. Kg2 Qg6 1-0

[Event "ESP-ch Rapid 2018"]
[Site "Linares"]
[Date "2018.08.19"]
[Round "7"]
[White "Perera Borrego, Maria Adela"]
[Black "Arjol Lopez, Daniel"]
[Result "0-1"]
[ECO "E47"]
[WhiteElo "2177"]
[BlackElo "2137"]
[Annotator "NA"]
[PlyCount "166"]
[EventDate "2018.08.19"]
[EventType "team-tourn"]
[EventCountry "ESP"]
[SourceTitle "playchess.com"]
[Source "ChessBase"]
[SourceQuality "1"]
[TimeControl "900+5"]

1. d4 Nf6 2. c4 e6 3. Nc3 Bb4 4. e3 O-O 5. Bd3 b6 6. Nf3 Bb7 7. O-O d6 8. Bd2 Nbd7 9. Re1 Rc8 10. e4 e5 11. d5 a5 12. Rc1 Bxc3 13. Rxc3 c6 14. Bb1 Nc5 15. Bg5 h6 16. Bh4 b5 17. b3 b4 18. Rce3 Rc7 19. Nd2 Bc8 20. h3 g5 21. Bg3 Ne8 22. dxc6 Ng7 23. Nf1 Nge6 24. Qh5 Kh7 25. Rd1 Ng7 26. Qe2 Qe7 27. f4 gxf4 28. Bxf4 Rxc6 29. Bg3 f5 30. exf5 Bxf5 31. Rf3 Bxb1 32. Rxb1 Rxf3 33. Qxf3 Rc8 34. Ne3 Rf8 35. Qe2 Qg5 36. Bh2 Nge6 37. Nd5 Nd4 38. Qg4 Qd2 39. Ne7 Qf2+ 40. Kh1 Qf7 41. Nd5 Rg8 42. Qd1 Qg6 43. Ne3 Ne4 44. Rb2 Qg5 45. Qg1 Ng3+ 46. Bxg3 Qxg3 47. Qf2 Rg7 48. Rd2 Qxf2 49. Rxf2 Rg3 50. Nd5 Rd3 51. Rf6 Rd1+ 52. Kh2 Rd2 53. Rxd6 Rxa2 54. Nf6+ Kg6 55. Ng4+ Kf5 56. Nxh6+ Kf4 57. Rf6+ Ke4 58. Ng4 Nxb3 59. Re6 Nd2 60. Rxe5+ Kd4 61. Kg3 b3 62. Rd5+ Kxc4 63. Ne3+ Kb4 64. Nd1 Nc4 65. Rd8 Rd2 66. Rb8+ Ka3 67. Nf2 b2 68. h4 Rd6 69. Ne4 Rb6 70. Rxb6 Nxb6 71. Nd2 Ka2 72. h5 Nd7 73. h6 Nf8 74. Kf4 b1=Q 75. Nxb1 Kxb1 76. g4 a4 77. g5 a3 78. h7 Nxh7 79. g6 Nf6 80. Kf5 Ne8 81. Ke6 a2 82. Kf7 a1=Q 83. Kxe8 Qg7 0-1

[Event "ESP-ch Rapid 2018"]
[Site "Linares"]
[Date "2018.08.19"]
[Round "7"]
[White "Roldan Marques, Daniel"]
[Black "Garcia Cuenca, Victor"]
[Result "0-1"]
[ECO "A57"]
[WhiteElo "2161"]
[BlackElo "2351"]
[Annotator "NA"]
[PlyCount "108"]
[EventDate "2018.08.19"]
[EventType "team-tourn"]
[EventCountry "ESP"]
[SourceTitle "playchess.com"]
[Source "ChessBase"]
[SourceQuality "1"]
[TimeControl "900+5"]

1. d4 Nf6 2. c4 c5 3. d5 b5 4. cxb5 a6 5. f3 axb5 6. e4 d6 7. Bxb5+ Nfd7 8. Nc3 g6 9. Nge2 Bg7 10. O-O O-O 11. b3 Na6 12. Bb2 Qb6 13. Bc4 Ne5 14. Na4 Qb7 15. Bxa6 Qxa6 16. f4 Ng4 17. Bxg7 Kxg7 18. Qd2 Qa5 19. Qb2+ Kg8 20. h3 Nf6 21. Nac3 Ba6 22. Rf2 Qb4 23. e5 Nd7 24. exd6 exd6 25. f5 Ne5 26. Rf4 Nd3 27. Rxb4 Nxb2 28. Rb6 Rfd8 29. Ng3 Bc8 30. f6 Nd3 31. Nge4 Ra6 32. Rb8 Ne5 33. Re1 Nd7 34. Rb5 Kf8 35. a4 Re8 36. Kf1 Re5 37. g4 h6 38. Nd2 Rxe1+ 39. Kxe1 Ke8 40. Nce4 Ne5 41. Nc4 Nxc4 42. bxc4 Kd7 43. a5 Kc7 44. Rb6 Bb7 45. Ke2 Rxa5 46. Rxd6 Ra2+ 47. Kf3 Ra3+ 48. Kf2 Rxh3 49. Nxc5 Kxd6 50. Nxb7+ Kc7 51. Nc5 Rc3 52. d6+ Kc6 53. d7 Kc7 54. Ne6+ Kxd7 0-1

[Event "ESP-ch Rapid 2018"]
[Site "Linares"]
[Date "2018.08.19"]
[Round "7"]
[White "Riquelme Valero, Manuel Damian"]
[Black "Vazquez Pino, Miguel A"]
[Result "0-1"]
[ECO "E20"]
[WhiteElo "2150"]
[BlackElo "1909"]
[Annotator "NA"]
[PlyCount "131"]
[EventDate "2018.08.19"]
[EventType "team-tourn"]
[EventCountry "ESP"]
[SourceTitle "playchess.com"]
[Source "ChessBase"]
[SourceQuality "1"]
[TimeControl "900+5"]

1. d4 Nf6 2. c4 e6 3. Nc3 Bb4 4. f3 d5 5. a3 Bxc3+ 6. bxc3 O-O 7. cxd5 exd5 8. e3 Bf5 9. Ne2 Nbd7 10. g4 Bg6 11. h4 h5 12. g5 Ne8 13. Nf4 c6 14. Nxg6 fxg6 15. Bd3 Qc7 16. Kf2 Qd6 17. a4 b6 18. f4 c5 19. Kg2 Nc7 20. Rf1 Rae8 21. Ra2 Qe6 22. Raf2 Rf5 23. Qf3 c4 24. Bc2 Nb8 25. Re1 Rf7 26. f5 Qd7 27. Qh3 Ref8 28. Ref1 gxf5 29. Rxf5 Rxf5 30. Rxf5 Rxf5 31. Qxf5 Qxf5 32. Bxf5 Kf7 33. Ba3 g6 34. Bc2 b5 35. Bd6 Nba6 36. a5 Ne8 37. Ba3 Nb8 38. e4 Nc6 39. exd5 Nxa5 40. d6 Nb7 41. d7 Nc7 42. Kf3 Nd8 43. Bc5 Nd5 44. Ke4 Nxc3+ 45. Ke5 a5 46. Kd6 b4 47. Bb6 b3 48. Bb1 Nb5+ 49. Kc5 c3 50. Bxd8 c2 51. Bf6 c1=Q+ 52. Kxb5 Qxb1 53. d8=Q Qd3+ 54. Kxa5 Qc3+ 55. Kb5 Qd3+ 56. Ka5 Qc3+ 57. Ka4 Qc4+ 58. Ka3 Qa6+ 59. Kxb3 Qd3+ 60. Kb4 Qb1+ 61. Kc5 Qc2+ 62. Kd5 Qf5+ 63. Kc6 Qc2+ 64. Kb7 Qe4+ 65. Kb8 Qb1+ 66. Kc8 0-1

[Event "ESP-ch Rapid 2018"]
[Site "Linares"]
[Date "2018.08.19"]
[Round "7"]
[White "Guadamuro Torrente, Anabel"]
[Black "Matnadze, Ana"]
[Result "0-1"]
[ECO "B13"]
[WhiteElo "2145"]
[BlackElo "2378"]
[Annotator "NA"]
[PlyCount "75"]
[EventDate "2018.08.19"]
[EventType "team-tourn"]
[EventCountry "ESP"]
[SourceTitle "playchess.com"]
[Source "ChessBase"]
[SourceQuality "1"]
[TimeControl "900+5"]

1. e4 c6 2. d4 d5 3. exd5 cxd5 4. Bd3 Nc6 5. c3 Nf6 6. Nf3 g6 7. O-O Bg7 8. Bf4 O-O 9. h3 Ne8 10. Re1 Nd6 11. Nbd2 f6 12. Qb3 Nf7 13. Bg3 e5 14. dxe5 fxe5 15. Bb5 e4 16. Bxc6 bxc6 17. Nd4 Bd7 18. Nf1 h5 19. Qb7 Qc8 20. Qxc8 Rfxc8 21. Ne3 a5 22. Rad1 a4 23. c4 c5 24. Nb5 d4 25. Nd5 Bf5 26. Nd6 Nxd6 27. Bxd6 Ra7 28. Ne7+ Rxe7 29. Bxe7 d3 30. b3 axb3 31. axb3 Bc3 32. Rf1 Bd4 33. Bg5 Rb8 34. Be3 Rxb3 35. Rb1 Rc3 36. Rfc1 Ra3 37. Rb7 Be6 38. Re7 0-1

[Event "ESP-ch Rapid 2018"]
[Site "Linares"]
[Date "2018.08.19"]
[Round "7"]
[White "Galvez Extremera, Francisco"]
[Black "Orantes Taboada, Francisco"]
[Result "0-1"]
[ECO "B21"]
[WhiteElo "2142"]
[BlackElo "2242"]
[Annotator "NA"]
[PlyCount "110"]
[EventDate "2018.08.19"]
[EventType "team-tourn"]
[EventCountry "ESP"]
[SourceTitle "playchess.com"]
[Source "ChessBase"]
[SourceQuality "1"]
[TimeControl "900+5"]

1. e4 c5 2. d4 cxd4 3. c3 d3 4. Bxd3 g6 5. Nf3 Bg7 6. c4 Nc6 7. O-O d6 8. Nc3 Nf6 9. Bg5 O-O 10. Rc1 Nd7 11. b3 Nc5 12. Bb1 Bg4 13. h3 Be6 14. Qd2 Re8 15. Rfd1 Qd7 16. Qf4 a5 17. Bh6 Bh8 18. Nd5 Bxd5 19. Rxd5 a4 20. Ng5 f6 21. Nf3 axb3 22. axb3 Nxb3 23. Rcd1 Qe6 24. Rb5 Qxc4 25. Bd3 Qf7 26. e5 dxe5 27. Qe4 Nbd4 28. Nxd4 Nxd4 29. Rxb7 Rac8 30. Be3 f5 31. Qh4 Bf6 32. Qh6 Bg7 33. Qh4 Bf6 34. Qh6 Red8 35. Rc1 Rxc1+ 36. Bxc1 e4 37. Bf1 Qd5 38. Rc7 Ne6 39. Bc4 Qd1+ 40. Kh2 Qd6+ 41. g3 Qxc7 42. Bxe6+ Kh8 43. Be3 Qe5 44. Bf7 Bg7 45. Qg5 Qf6 46. Qxf6 Bxf6 47. h4 Kg7 48. Be6 Rd6 49. Bc4 Bd4 50. Bf4 Rc6 51. Bd5 Rc2 52. h5 Rxf2+ 53. Kh3 Kf6 54. h6 g5 55. Bc7 g4+ 0-1

[Event "ESP-ch Rapid 2018"]
[Site "Linares"]
[Date "2018.08.19"]
[Round "7"]
[White "Iglesias Leon, Francisco J"]
[Black "Rodrigo Yanguas, Maria"]
[Result "0-1"]
[ECO "A05"]
[WhiteElo "2129"]
[BlackElo "2062"]
[Annotator "NA"]
[PlyCount "86"]
[EventDate "2018.08.19"]
[EventType "team-tourn"]
[EventCountry "ESP"]
[SourceTitle "playchess.com"]
[Source "ChessBase"]
[SourceQuality "1"]
[TimeControl "900+5"]

1. Nf3 Nf6 2. b3 g6 3. Bb2 Bg7 4. g3 O-O 5. Bg2 d6 6. d4 c5 7. e3 Nc6 8. O-O Bf5 9. c4 Rc8 10. Nc3 Ne4 11. Nd5 Qd7 12. Nd2 Ng5 13. h4 Nh3+ 14. Kh2 cxd4 15. exd4 Nxd4 16. Nxe7+ Qxe7 17. Bxh3 Bxh3 18. Kxh3 g5 19. hxg5 Qxg5 20. Bxd4 Bxd4 21. Rc1 Bg7 22. Ne4 Qf5+ 23. Qg4 Qxg4+ 24. Kxg4 f5+ 25. Kf3 fxe4+ 26. Kxe4 Rce8+ 27. Kd5 Re5+ 28. Kxd6 Rd8+ 29. Kc7 Rde8 30. Kxb7 R8e7+ 31. Kc6 R7e6+ 32. Kd7 Re7+ 33. Kc6 Bf8 34. Rcd1 R7e6+ 35. Kd7 Rb6 36. Rfe1 Rg5 37. Kc8 Rc5+ 38. Kd8 a5 39. Re4 Rb7 40. Rd5 Rcc7 41. Rg5+ Kh8 42. Rf5 Be7+ 43. Ke8 Bf6 0-1

[Event "ESP-ch Rapid 2018"]
[Site "Linares"]
[Date "2018.08.19"]
[Round "7"]
[White "Perdomo Araujo, Angel Eduardo"]
[Black "Alvarez Serrano, Carlos"]
[Result "0-1"]
[ECO "B91"]
[WhiteElo "2100"]
[BlackElo "2225"]
[Annotator "NA"]
[PlyCount "116"]
[EventDate "2018.08.19"]
[EventType "team-tourn"]
[EventCountry "ESP"]
[SourceTitle "playchess.com"]
[Source "ChessBase"]
[SourceQuality "1"]
[TimeControl "900+5"]

1. e4 c5 2. Nf3 d6 3. Nc3 Nf6 4. d4 cxd4 5. Nxd4 a6 6. g3 e5 7. Nb3 Be6 8. Bg2 Nbd7 9. O-O Rc8 10. h3 b5 11. Be3 Nb6 12. Bxb6 Qxb6 13. Nd5 Nxd5 14. exd5 Bf5 15. c3 Be7 16. Kh2 O-O 17. Qe2 a5 18. f4 Bd7 19. fxe5 dxe5 20. Qxe5 Bd6 21. Qd4 Qb8 22. Qf2 h5 23. h4 Qc7 24. Nd4 Qd8 25. Kh1 Qc7 26. Ne2 Rce8 27. Rae1 Re5 28. Nf4 Rf5 29. Re4 Re8 30. Rxe8+ Bxe8 31. Qe2 Re5 32. Qd1 g6 33. Qd3 Kg7 34. Qf3 Qe7 35. a3 Bd7 36. Qf2 Bg4 37. Qb6 Re1 38. Ne6+ fxe6 39. Rxe1 Bxg3 40. Qd4+ e5 41. Qe3 Qxh4+ 42. Kg1 Bxe1 43. Qxe5+ Kh7 44. Qc7+ Kg8 45. Qb8+ Kf7 46. Qc7+ Qe7 47. Qf4+ Kg7 48. d6 Qf6 49. Qe3 Bh4 50. Qa7+ Qf7 51. Qd4+ Kh7 52. Bc6 Bf6 53. Qc5 b4 54. axb4 axb4 55. Qxb4 Qe6 56. Qf4 Be5 57. Qe3 Bh2+ 58. Kf2 Bg1+ 0-1

[Event "ESP-ch Rapid 2018"]
[Site "Linares"]
[Date "2018.08.19"]
[Round "7"]
[White "Arroyo Rodriguez, Jesus"]
[Black "Cuesta Bustos, Raul"]
[Result "1/2-1/2"]
[ECO "A05"]
[WhiteElo "2099"]
[BlackElo "2126"]
[Annotator "NA"]
[PlyCount "72"]
[EventDate "2018.08.19"]
[EventType "team-tourn"]
[EventCountry "ESP"]
[SourceTitle "playchess.com"]
[Source "ChessBase"]
[SourceQuality "1"]
[TimeControl "900+5"]

1. Nf3 Nf6 2. g3 g6 3. b3 Bg7 4. Bb2 d6 5. Bg2 Nc6 6. d4 Bf5 7. Nh4 Bd7 8. d5 Ne5 9. Qc1 c6 10. f4 Neg4 11. h3 Nh6 12. e4 e6 13. c4 cxd5 14. exd5 exd5 15. Bxd5 O-O 16. Bf3 Re8+ 17. Kf1 Nf5 18. Nxf5 Bxf5 19. Nd2 Ne4 20. Kg2 Bxb2 21. Qxb2 Qa5 22. Nxe4 Bxe4 23. Rad1 Bxf3+ 24. Kxf3 Re6 25. Qd2 Qc5 26. Qd4 Qc6+ 27. Qd5 Qa6 28. Rd2 Rae8 29. Rhd1 Qb6 30. Qd4 Qc6+ 31. Qd5 Qb6 32. Qd4 Re3+ 33. Kg2 Re2+ 34. Kf1 Qc6 35. Qd5 Qxd5 36. cxd5 R2e3 1/2-1/2

[Event "ESP-ch Rapid 2018"]
[Site "Linares"]
[Date "2018.08.19"]
[Round "7"]
[White "Collado Barbas, Laura"]
[Black "Guerrero Romero, Antonio"]
[Result "1-0"]
[ECO "D36"]
[WhiteElo "2095"]
[BlackElo "1895"]
[Annotator "NA"]
[PlyCount "96"]
[EventDate "2018.08.19"]
[EventType "team-tourn"]
[EventCountry "ESP"]
[SourceTitle "playchess.com"]
[Source "ChessBase"]
[SourceQuality "1"]
[TimeControl "900+5"]

1. d4 Nf6 2. c4 d5 3. Nc3 e6 4. cxd5 exd5 5. Bg5 c6 6. Qc2 Be7 7. e3 Nbd7 8. Bd3 h6 9. Bh4 Nf8 10. Nge2 Nh5 11. Bxe7 Qxe7 12. O-O Nf6 13. Rae1 Be6 14. a3 N8d7 15. b4 O-O 16. Nf4 Qd6 17. Nxe6 Qxe6 18. Bf5 Qd6 19. Na4 Rfe8 20. Nc5 b6 21. Nxd7 Nxd7 22. Rc1 Rac8 23. Qa4 Rc7 24. Rc2 g6 25. Bd3 Re6 26. Rfc1 Kg7 27. Rc3 f5 28. Qc2 Rf6 29. g3 h5 30. Bb5 Nb8 31. Bf1 h4 32. gxh4 f4 33. exf4 Qxf4 34. Rg3 Qxh4 35. Bd3 Qxd4 36. Bxg6 Kf8 37. Re1 Re7 38. Rxe7 Kxe7 39. Re3+ Kd6 40. Bh5 Nd7 41. Qh7 Qf4 42. Qe7+ Kc7 43. Bf3 Rg6+ 44. Kf1 Qxh2 45. Ke2 Qd6 46. Qe8 d4 47. Re7 d3+ 48. Kd2 Qf4+ 1-0

[Event "ESP-ch Rapid 2018"]
[Site "Linares"]
[Date "2018.08.19"]
[Round "7"]
[White "Razola, Garcia Joaquin"]
[Black "Calzetta Ruiz, Monica"]
[Result "0-1"]
[ECO "B21"]
[WhiteElo "2087"]
[BlackElo "2302"]
[Annotator "NA"]
[PlyCount "84"]
[EventDate "2018.08.19"]
[EventType "team-tourn"]
[EventCountry "ESP"]
[SourceTitle "playchess.com"]
[Source "ChessBase"]
[SourceQuality "1"]
[TimeControl "900+5"]

1. e4 c5 2. d4 cxd4 3. c3 dxc3 4. Nxc3 Nc6 5. Bc4 e6 6. Nf3 Nge7 7. O-O Ng6 8. Qe2 Be7 9. g3 O-O 10. Rd1 a6 11. e5 b5 12. Bb3 Bb7 13. h4 b4 14. Na4 Qc7 15. Bf4 Nxf4 16. gxf4 Rad8 17. Rac1 Qa5 18. Qe4 Ba8 19. Ng5 g6 20. Qe3 h6 21. Ne4 Nxe5 22. fxe5 Qxe5 23. Nac5 Bxh4 24. Qxh6 Be7 25. f3 d5 26. Nd3 Qb8 27. Ng5 Qg3+ 28. Kf1 Bxg5 29. Qh1 d4 30. Qg2 Qxf3+ 31. Qxf3 Bxf3 32. Nxb4 Bxc1 33. Rxc1 d3 34. Rc3 Be2+ 35. Kf2 Kg7 36. Nc6 Rd6 37. Ne5 Kf6 38. Nc4 Rd4 39. Ke3 Rfd8 40. Nd2 g5 41. Rc1 g4 42. Rg1 Ke7 {[%emt 0:00:05] Kxd4} 0-1

[Event "ESP-ch Rapid 2018"]
[Site "Linares"]
[Date "2018.08.19"]
[Round "7"]
[White "Fernandez Diaz, Ignacio"]
[Black "Beltran De Heredia E, Miguel"]
[Result "1/2-1/2"]
[ECO "B61"]
[WhiteElo "2071"]
[BlackElo "2229"]
[Annotator "NA"]
[PlyCount "54"]
[EventDate "2018.08.19"]
[EventType "team-tourn"]
[EventCountry "ESP"]
[SourceTitle "playchess.com"]
[Source "ChessBase"]
[SourceQuality "1"]
[TimeControl "900+5"]

1. e4 c5 2. Nf3 d6 3. d4 cxd4 4. Nxd4 Nf6 5. Nc3 Nc6 6. Bg5 Bd7 7. Qd2 Rc8 8. Bxf6 gxf6 9. f4 Nxd4 10. Qxd4 Qa5 11. Bd3 h5 12. O-O Qc5 13. Qxc5 Rxc5 14. Nd5 h4 15. b4 Rc8 16. c4 Bg7 17. f5 Bh6 18. Rad1 Ba4 19. Rb1 Bc6 20. Rbe1 Bxd5 21. exd5 Bd2 22. Rb1 Be3+ 23. Kh1 Bd4 24. Rf3 Kf8 25. Rh3 Kg7 26. a4 b6 27. b5 Be5 1/2-1/2

[Event "ESP-ch Rapid 2018"]
[Site "Linares"]
[Date "2018.08.19"]
[Round "7"]
[White "Crespo Ruiz, Manuel Maria"]
[Black "Pallardo Lozoya, Jose Vicente"]
[Result "0-1"]
[ECO "A41"]
[WhiteElo "2026"]
[BlackElo "2382"]
[Annotator "NA"]
[PlyCount "44"]
[EventDate "2018.08.19"]
[EventType "team-tourn"]
[EventCountry "ESP"]
[SourceTitle "playchess.com"]
[Source "ChessBase"]
[SourceQuality "1"]
[TimeControl "900+5"]

1. d4 d6 2. Nf3 Bg4 3. Nbd2 Nf6 4. e4 e6 5. Be2 d5 6. e5 Nfd7 7. O-O c5 8. dxc5 Nc6 9. Re1 Bxc5 10. Nb3 Bb6 11. Bf4 Qc7 12. h3 Bh5 13. a4 a6 14. g4 Bg6 15. Bd3 O-O 16. Bg3 f5 17. Kg2 f4 18. Bxg6 fxg3 19. Bd3 Ndxe5 20. Be2 gxf2 21. Rf1 Nxf3 22. Bxf3 Ne5 0-1

[Event "ESP-ch Rapid 2018"]
[Site "Linares"]
[Date "2018.08.19"]
[Round "7"]
[White "Izquierdo Puertas, Carlos"]
[Black "Tudela Corbalan, Carlos"]
[Result "1-0"]
[ECO "B00"]
[WhiteElo "2010"]
[BlackElo "2246"]
[Annotator "NA"]
[PlyCount "69"]
[EventDate "2018.08.19"]
[EventType "team-tourn"]
[EventCountry "ESP"]
[SourceTitle "playchess.com"]
[Source "ChessBase"]
[SourceQuality "1"]
[TimeControl "900+5"]

1. e4 Nc6 2. d4 d5 3. e5 f6 4. f4 Nh6 5. Nf3 g6 6. Be3 Bg7 7. Qd2 O-O 8. Nc3 Bg4 9. Be2 e6 10. h3 Bxf3 11. Bxf3 Nf5 12. Bf2 fxe5 13. dxe5 Nh4 14. Ne2 Nxf3+ 15. gxf3 Bh6 16. h4 Rf5 17. h5 gxh5 18. O-O-O Qe7 19. Rdg1+ Kh8 20. Bh4 Qf7 21. Bf6+ Rxf6 22. exf6 Rg8 23. Ng3 e5 24. Qh2 Bxf4+ 25. Kb1 Rg5 26. Qh3 Nd4 27. Nxh5 Rxg1+ 28. Rxg1 Ne6 29. Ng7 Nf8 30. Qc8 e4 31. fxe4 dxe4 32. Ne6 Bd6 33. Nxf8 Qxf8 34. Qf5 e3 35. f7 1-0

[Event "ESP-ch Rapid 2018"]
[Site "Linares"]
[Date "2018.08.19"]
[Round "7"]
[White "Blazquez Gomez, Miguel"]
[Black "Vinuela Diaz, Saul"]
[Result "0-1"]
[ECO "C42"]
[WhiteElo "1998"]
[BlackElo "2216"]
[Annotator "NA"]
[PlyCount "84"]
[EventDate "2018.08.19"]
[EventType "team-tourn"]
[EventCountry "ESP"]
[SourceTitle "playchess.com"]
[Source "ChessBase"]
[SourceQuality "1"]
[TimeControl "900+5"]

1. e4 e5 2. Nf3 Nf6 3. Nxe5 d6 4. Nc4 Nxe4 5. Qe2 Qe7 6. d3 Nf6 7. Nc3 Be6 8. Bg5 Nbd7 9. O-O-O h6 10. Bh4 O-O-O 11. f3 g5 12. Bf2 Bg7 13. Nb5 a6 14. Na7+ Kb8 15. Na5 Qe8 16. N7c6+ bxc6 17. Nxc6+ Kb7 18. Nxd8+ Qxd8 19. d4 Qa8 20. Rd3 Bc4 21. Qd2 Bxd3 22. Bxd3 d5 23. Qb4+ Nb6 24. h4 Nh5 25. Qe7 Nf4 26. Bf1 Qe8 27. Qa3 Qa4 28. Qxa4 Nxa4 29. g3 Ne6 30. c3 Nb6 31. Kc2 a5 32. b3 Kc6 33. Bg2 Rg8 34. Kd3 f5 35. hxg5 hxg5 36. c4 Kd7 37. c5 Nc8 38. Be1 Bxd4 39. f4 Ne7 40. c6+ Kxc6 41. Bxa5 gxf4 42. Rc1+ Kd7 0-1

[Event "ESP-ch Rapid 2018"]
[Site "Linares"]
[Date "2018.08.19"]
[Round "7"]
[White "Diaz Rodriguez, Jose Antonio"]
[Black "Blazquez Gomez, Juan Carlos"]
[Result "1/2-1/2"]
[ECO "B01"]
[WhiteElo "1991"]
[BlackElo "2240"]
[Annotator "NA"]
[PlyCount "59"]
[EventDate "2018.08.19"]
[EventType "team-tourn"]
[EventCountry "ESP"]
[SourceTitle "playchess.com"]
[Source "ChessBase"]
[SourceQuality "1"]
[TimeControl "900+5"]

1. e4 d5 2. exd5 Nf6 3. h3 Nxd5 4. Nf3 g6 5. Bc4 Nb6 6. Bb3 c5 7. d3 Bg7 8. Nc3 O-O 9. Be3 Na6 10. Qd2 Qd6 11. Bh6 Be6 12. Bxg7 Kxg7 13. Ne4 Qc6 14. Bxe6 Qxe6 15. O-O f6 16. Rfe1 Qd7 17. Ng3 e5 18. Re4 Rad8 19. Rh4 Kg8 20. Ne4 c4 21. dxc4 Qxd2 22. Nexd2 f5 23. Nb3 e4 24. Ng5 Rd7 25. c5 Na4 26. Re1 N4xc5 27. f3 Na4 28. Ra1 e3 29. Re1 e2 30. Ra1 1/2-1/2

[Event "ESP-ch Rapid 2018"]
[Site "Linares"]
[Date "2018.08.19"]
[Round "7"]
[White "Ordonez Torres, Jesus"]
[Black "Cabrera Ruiz, Luis"]
[Result "1-0"]
[ECO "B33"]
[WhiteElo "1989"]
[BlackElo "2122"]
[Annotator "NA"]
[PlyCount "103"]
[EventDate "2018.08.19"]
[EventType "team-tourn"]
[EventCountry "ESP"]
[SourceTitle "playchess.com"]
[Source "ChessBase"]
[SourceQuality "1"]
[TimeControl "900+5"]

1. e4 c5 2. Nf3 Nc6 3. d4 cxd4 4. Nxd4 Nf6 5. Nc3 e5 6. Ndb5 d6 7. Bg5 a6 8. Na3 b5 9. Nd5 Be7 10. Bxf6 Bxf6 11. c3 O-O 12. Nc2 Bg5 13. a4 bxa4 14. Rxa4 a5 15. Bb5 Bb7 16. O-O Ne7 17. Nxe7+ Bxe7 18. Ne3 Qb6 19. Qd3 g6 20. Bc4 Bg5 21. b4 Bxe3 22. fxe3 axb4 23. Rxb4 Qc7 24. h3 Bc6 25. Rf6 Rad8 26. Rb2 Kg7 27. Rbf2 Be8 28. Bd5 Qe7 29. Qf1 Qa7 30. R2f3 Rd7 31. c4 Qc5 32. Qf2 Re7 33. Kh2 Qc7 34. Qh4 Bc6 35. c5 Rd7 36. Be6 dxc5 37. Bxd7 Qxd7 38. Qg5 Qc7 39. Qh4 Qb7 40. Rd6 f5 41. Rf2 Bxe4 42. Rfd2 Rf7 43. Qg3 Qe7 44. Rd7 Qe6 45. R7d6 Qe7 46. Rd7 Qe6 47. Rxf7+ Kxf7 48. Qh4 Kg7 49. Qd8 Kh6 50. Rd6 Qa2 51. Qh4+ Kg7 52. Rd7+ 1-0